 Dungeon Crawl Stone Soup version 0.19.3-4-gbf9329e (webtiles) character file.

1612 demi the Slinger (level 9, -2/61 HPs)
             Began as a Halfling Hunter on Jan 28, 2017.
             Was an Initiate of Ru.
             Shot with an arrow by a centaur (11 damage)
             ... on level 6 of the Dungeon.
             The game lasted 00:18:08 (7376 turns).

demi the Slinger (Halfling Hunter)                  Turns: 7376, Time: 00:18:09

Health: -2/61      AC:  1    Str: 12 (13) XL:     9   Next: 16%
Magic:  9/9        EV: 15    Int:  9      God:    Ru [......]
Gold:   183        SH:  0    Dex: 18      Spells: 0 memorised, 8 levels left

rFire  . . .     SeeInvis .     b - +1 dagger (speed)
rCold  . . .     Gourm    .     c - +0 leather armour
rNeg   . . .     Faith    .     (shield restricted)
rPois  .         Spirit   .     (no helmet)
rElec  .         Reflect  .     (no cloak)
rCorr  .         Harm     .     (no gloves)
MR     .....                    (no boots)
Stlth  +++.......               (no amulet)
                                (no ring)
                                (no ring)

@: no status effects
A: deformed body, mutation resistance 1
a: Renounce Religion


You were on level 6 of the Dungeon.
You worshipped Ru.
Ru was noncommittal.
You were hungry.

You visited 2 branches of the dungeon, and saw 7 of its levels.

You collected 183 gold pieces.

Inventory:

Hand Weapons
 a - a +1 hunting sling
 b - a +1 dagger of speed (weapon)
Missiles
 d - 56 sling bullets
 k - 43 stones (quivered)
Armour
 c - a +0 leather armour (worn)
Jewellery
 g - a +2 amulet of reflection {unknown}
 p - an uncursed ring of flight {unknown}
 t - an uncursed ring of poison resistance {unknown}
 w - a +3 amulet of reflection {unknown}
Scrolls
 h - 4 scrolls of remove curse {unknown}
 i - 4 scrolls of identify {unknown}
 j - a scroll of enchant armour {unknown}
 n - a scroll of recharging {unknown}
 o - 4 scrolls of fear {unknown}
 r - a scroll of magic mapping {unknown}
 s - 2 scrolls of acquirement {unknown}
 u - 3 scrolls of amnesia {unknown}
Potions
 q - a potion of haste {unknown}
Books
 e - a book of Necromancy

   Spells                             Type                      Level
   a - Pain                           Necromancy                   1
   b - Animate Skeleton               Necromancy                   1
   c - Vampiric Draining              Necromancy                   3
   d - Regeneration                   Charms/Necromancy            3
   e - Animate Dead                   Necromancy                   4
   f - Control Undead                 Necromancy                   4
Comestibles
 f - a bread ration
 l - 3 meat rations
 m - a slice of pizza
 v - a royal jelly
 x - a beef jerky


   Skills:
 + Level 5.3 Fighting
 + Level 0.8 Short Blades
 - Level 12.3 Slings
 * Level 2.9 Dodging
 * Level 5.5 Stealth


You had 8 spell levels left.
You didn't know any spells.

Dungeon Overview and Level Annotations

Branches:
Dungeon (6/15)             Temple (1/1) D:5

Altars:
Ashenzari
Cheibriados
Dithmenos
Elyvilon
Hepliaklqana
Qazlal
Ru
Trog
Uskayaw
Vehumet
Xom
Yredelemnul
Zin
The Shining One

Annotations:
D:3 demi's ghost, amateur GrFi


Innate Abilities, Weirdness & Mutations

You are small and have problems with some larger weapons.
You are somewhat resistant to further mutation.
Armour fits poorly on your strangely shaped body.


Message History

Press: ? - help, Shift-Dir - straight line, f/p - centaur
Aim: a centaur, wielding a shortbow (heavily wounded)
You shoot a stone. The stone barely misses the centaur.
Firing (i - inventory. (,) - cycle):
k - 45 stones (quivered)
Press: ? - help, Shift-Dir - straight line, f/p - centaur
Aim: a centaur, wielding a shortbow (heavily wounded)
You shoot a stone. The stone hits the centaur.
The centaur is heavily wounded.
You hear the rapid rusting of a distant drain.
Firing (i - inventory. (,) - cycle):
k - 44 stones (quivered)
Press: ? - help, Shift-Dir - straight line, f/p - centaur
Aim: a centaur, wielding a shortbow (heavily wounded)
You shoot a stone. The stone hits the centaur.
The centaur is severely wounded.
The centaur shoots an arrow.
The arrow hits you.
* * * LOW HITPOINT WARNING * * *
Your hands tingle!
b - a +1 dagger of speed (weapon)
The centaur shoots an arrow.
The arrow hits you!
You die...

....##.........
.#..........## ..[..(
...###.....## ......
.#######...#######.......
.# #................>....
## #....#................
#...#......(...........
.............(....#.%#
.......#.......@...#
###..###..........c# #.#
##########..((... #.
.###.(. # .# .. .# .# ##


You could see a centaur.

Vanquished Creatures
  Sigmund (D:2)
  A phantom (D:4)
  A centaur (D:5)
  A bullfrog (D:5)
  A gnoll sergeant (D:5)
  A scorpion (D:4)
  4 wights (D:5)
  2 bullfrog zombies (D:5)
  A crimson imp (D:5)
  2 orc priests
  2 centaur skeletons
  2 iguanas
  4 worker ants
  Natasha (thrice) (D:2)
  7 orc wizards
  A hound zombie (D:5)
  A worker ant zombie (D:5)
  13 adders
  5 gnolls (D:5)
  3 shadow imps (D:5)
  3 oozes
  An adder skeleton (D:4)
  A worm (D:3)
  4 dart slugs
  2 leopard geckos
  19 orcs
  2 ball pythons
  8 giant cockroaches
  A goblin (D:2)
  4 hobgoblins
  8 jackals (D:5)
  6 kobolds
  2 quokkas
  5 bats
  3 frilled lizards
  A leopard gecko skeleton (D:5)
  4 rats
130 creatures vanquished.

Vanquished Creatures (others)
  A withered plant (D:3)
1 creature vanquished.

Grand Total: 131 creatures vanquished

Notes
Turn   | Place    | Note
-------+----------+-------------------------------------------
     0 | D:1      | demi the Halfling Hunter began the quest for the Orb.
     0 | D:1      | Reached XP level 1. HP: 14/14 MP: 1/1
   471 | D:1      | Reached skill level 6 in Slings
   659 | D:1      | Reached XP level 2. HP: 19/19 MP: 2/2
   826 | D:2      | Reached XP level 3. HP: 24/24 MP: 3/3
   840 | D:2      | Noticed Natasha
   847 | D:2      | Killed Natasha
   847 | D:2      | Reached skill level 7 in Slings
  1094 | D:2      | Reached XP level 4. HP: 30/30 MP: 4/4
  1097 | D:2      | Noticed Natasha
  1102 | D:2      | Killed Natasha
  1125 | D:2      | Found a shattered altar of Ashenzari.
  1197 | D:2      | Reached XP level 5. HP: 29/36 MP: 5/5
  1356 | D:2      | Noticed Sigmund
  1374 | D:2      | Killed Sigmund
  1374 | D:2      | Reached skill level 9 in Slings
  1374 | D:2      | Reached XP level 6. HP: 42/42 MP: 6/6
  1644 | D:2      | Noticed Natasha
  1658 | D:2      | Killed Natasha
  2249 | D:3      | Reached XP level 7. HP: 41/47 MP: 7/7
  2259 | D:3      | Found a hazy altar of Hepliaklqana.
  2405 | D:3      | Noticed demi's ghost (amateur GrFi)
  2465 | D:4      | Found a stormy altar of Qazlal.
  2584 | D:4      | Reached skill level 10 in Slings
  2644 | D:4      | Found a shadowy altar of Dithmenos.
  2663 | D:4      | Found a shimmering altar of Xom.
  3465 | D:4      | Reached skill level 11 in Slings
  3468 | D:4      | Reached XP level 8. HP: 48/54 MP: 8/8
  3617 | D:5      | Entered Level 5 of the Dungeon
  3990 | D:5      | Gained mutation: Armour fits poorly on your strangely shaped body. [potion of mutation]
  3991 | D:5      | HP: 2/81 [wight/enchanted war axe (2)]
  5128 | D:5      | HP: 1/54 [gnoll/club (6)]
  5142 | D:5      | Reached skill level 5 in Fighting
  5451 | D:5      | Reached skill level 12 in Slings
  6099 | D:5      | Found a staircase to the Ecumenical Temple.
  6105 | Temple   | Entered the Ecumenical Temple
  6166 | Temple   | Became a worshipper of Ru the Awakened
  6458 | D:5      | Reached XP level 9. HP: 39/61 MP: 9/9
  6634 | D:5      | Reached skill level 5 in Stealth
  7376 | D:6      | Shot with an arrow by a centaur

Skill      XL: |  1  2  3  4  5  6  7  8  9 |
---------------+----------------------------+-----
Fighting       | 2 3 4 5 |  5.3
Slings         | 6 7 9 11 12 | 12.3
Stealth        | 4 5 |  5.5
Short Blades   | |  0.8
Dodging        | |  2.9

Action                   |  1- 3 |  4- 6 |  7- 9 || total
-------------------------+-------+-------+-------++-------
Melee: Short sword       |       |     7 |     6 ||    13
       Dagger            |       |       |   121 ||   121
 Fire: Hunting sling     |    41 |   127 |   495 ||   663
  Use: Potion            |       |     1 |     6 ||     7
  Eat: Chunk             |       |     4 |     1 ||     5
       Bread ration      |       |       |     3 ||     3
Armor: Leather armour    |     2 |     6 |    12 ||    20
       Skin              |       |     4 |     4 ||     8
Dodge: Dodged            |     8 |    24 |   157 ||   189
